Map: New Gettysburg LE

Players

Gracz - Winner!

  • Race: Zerg Zerg
  • League: Silver

MVN

  • Race: Terran Terran

VOD

Have the link to the VOD?

Description

Time

  • Played on: Sept. 25, 2016, 2:20 p.m.
  • Length: 3:40
Show
View Real Time Build Order
Export as new Build Order

Gracz Zerg - Winner!

Build Orders: Pool First 

Get SALT Encoding   

  12  0:01  Drone  
  13  0:23  Spawning Pool  
  13  0:28  Drone  
  13  0:32  Drone  
  14  0:57  Overlord  
  14  1:16  Extractor  
  14  1:17  Zergling x2  
  14  1:18  Zergling x4  
  16  1:30  Hatchery  
  15  1:45  Drone x2  
  17  2:00  Zergling x2  
  17  2:25  Zergling x6  
Show
View Real Time Build Order
Export as new Build Order

MVN Terran 

Build Orders:  

Get SALT Encoding   

  12  0:01  SCV  
  13  0:13  SCV  
  14  0:25  SCV  
  15  0:33  Supply Depot  
  15  0:54  SCV  
  15  0:55  Engineering Bay  
  16  0:58  Barracks  
  16  1:07  SCV  
  17  1:19  SCV  
  18  1:34  Command Center  
  18  1:43  Refinery  
  18  1:47  Refinery  
  18  1:53  Marine  
  19  1:54  Bunker  
  19  2:11  Marine  
  18  2:29  Marine  
Tags
 
Add a new tag
Caveats
  • Supply blocks, unpowered buildings, or Contaminate may cause inaccurate times.
  • Supply counts are checked every 10 seconds.